[Event "*** Titled Tuesday Blitz"]
[Site "Chess.com"]
[Date "2019.07.02"]
[Round "3"]
[White "x-6099009240"]
[Black "Jabberwockiez"]
[Result "1-0"]
[WhiteElo "2312"]
[BlackElo "2213"]
[TimeControl "180+2"]
[EndTime "13:40:05 PDT"]
[Termination "x-6099009240 won by resignation"]

1. e4 c5 2. Nf3 d6 3. d4 cxd4 4. Nxd4 Nc6 5. Nc3 Nf6 6. Bg5 e6 7. Qd2 a6 8. O-O-O Be7 9. f4 O-O 10. h4 Bd7 11. Bxf6 Bxf6 12. Nxc6 Bxc6 13. Qxd6 Qxd6 14.
Rxd6 Bxc3 15. bxc3 Bxe4 16. Rd7 Rfc8 17. Kb2 b5 18.
Rh3 e5 19. fxe5 Bf5 20. Rhd3 Bxd7 21. Rxd7 Rc5 22. c4 bxc4 23. Kc3 Rac8 24. a4 Kf8 25. Ra7 a5 26. Kd4 h6 27. Be2 R8c7 28. Rxc7 Rxc7 29. Bxc4 Ke7 30. c3 g5 31. hxg5 hxg5 32. g4 Rc8 33. Bd5 Rh8 34. c4 Rh4 35. Bf3 Rh3 36. Ke4 Ke6 37. c5 Rh2 38. c6 1-0

[Event "*** Titled Tuesday Blitz"]
[Site "Chess.com"]
[Date "2019.07.02"]
[Round "3"]
[White "Zq1"]
[Black "Aknok"]
[Result "1-0"]
[WhiteElo "2553"]
[BlackElo "2367"]
[TimeControl "180+2"]
[EndTime "13:40:05 PDT"]
[Termination "Zq1 won by resignation"]

1. d4 f5 2. Nf3 Nf6 3. Bg5 e6 4. Nbd2 Be7 5. Bxf6 Bxf6 6. e4 d5 7. exf5 exf5 8. Bd3 O-O 9. O-O g5 10. Re1 Nc6 11.
c3 Qd6 12. Bb5 g4 13. Bxc6 gxf3 14. Be8 fxg2 15. Qf3 Kh8 16. Re2 Be6 17. Bh5 Rad8 18. Rae1 Bd7 19. Qh3 Rg8 20. Bf7 Rg4 21. Be6 Bxe6 22.
Rxe6 Qf8 23. Qh5 Bg5 24. Re8 Bxd2 25. Rxf8+ Rxf8 26. Re7 Rg7 27. Rxg7 Kxg7 28. Kxg2 Bf4 29. Qf3 Bd6 30. Qxd5 Rf6 31. Qxb7 Rg6+ 32. Kf3 Rh6 33. Qxa7 Rxh2 34. Qb7 h5 35. a4 h4 36. Qc8 Rh3+ 37. Ke2 Kf6 38. a5 Rh1 39. a6 Ra1 40. Qb7 h3 41. a7 1-0

[Event "*** Titled Tuesday Blitz"]
[Site "Chess.com"]
[Date "2019.07.02"]
[Round "3"]
[White "Witik"]
[Black "KhazarBabazada"]
[Result "0-1"]
[WhiteElo "2542"]
[BlackElo "2663"]
[TimeControl "180+2"]
[EndTime "13:40:07 PDT"]
[Termination "KhazarBabazada won by resignation"]

1. d4 Nf6 2. c4 g6 3. Nc3 Bg7 4. e4 d6 5. f3 O-O 6. Be3 Nc6 7. Nge2 a6 8. d5 Na5 9. Ng3 c5 10. Qd2 Rb8 11. Bh6 b5 12. h4 bxc4 13. h5 Bxh6 14.
Qxh6 Rxb2 15. e5 dxe5 16. Nce4 Nc6 17. Nxf6+ exf6 18. hxg6 Qa5+ 19. Kd1 Qa4+ 20. Ke1 Qb4+ 21. Kd1 Rb1+ 22. Rxb1 Qxb1+ 23. Qc1 Qxg6 24. Ne4 Bg4 25.
Qxc4 Nd4 26. Kd2 Rb8 27. Bd3 Bf5 28. g4 Bxe4 29. Bxe4 Qg5+ 30. Kd3 Rb2 31. Qc3 Rf2 32. Bxh7+ Kg7 33. Be4 f5 34. gxf5 Nxf3 35. Kc4 Nd2+ 36.
Kd3 Qg3+ 37. Kc2 Nxe4+ 0-1

[Event "*** Titled Tuesday Blitz"]
[Site "Chess.com"]
[Date "2019.07.02"]
[Round "3"]
[White "MagnusSeinFanboy"]
[Black "VFernandezB"]
[Result "1-0"]
[WhiteElo "2470"]
[BlackElo "2324"]
[TimeControl "180+2"]
[EndTime "13:40:07 PDT"]
[Termination "MagnusSeinFanboy won by checkmate"]

1. d4 Nf6 2. c4 g6 3. Nc3 d5 4. Nf3 Bg7 5. cxd5 Nxd5 6. e3 O-O 7. Bc4 Nxc3 8. bxc3 c5 9. O-O Nc6 10. Qe2 Na5 11. Bd3 Qc7 12. e4 b6 13. Be3 c4 14. Bc2 Bg4 15. h3 Bxf3 16. Qxf3 e5 17. Qg3 Qe7 18. f4 exd4 19. cxd4 Nc6 20. Rad1 Rad8 21.
e5 Nb4 22. Bb1 c3 23. Rc1 Nd5 24. f5 Qb4 25. f6 Bh8 26. Bf2 Rfe8 27. h4 Qf8 28.
Qg5 h6 29. Qg3 Kh7 30. h5 Qg8 31. Rce1 Rc8 32. Bc2 Nb4 33. hxg6+ fxg6 34. Bb3 Qf8 35. Re4 Bxf6 36. Be3 Qh8 37. Bf7 Rg8 38. Rxf6 Rg7 39. Bxg6+ Kg8 40. e6 Nd5 41. Bf7+ Kh7 42.
Rxh6# 1-0

[Event "*** Titled Tuesday Blitz"]
[Site "Chess.com"]
[Date "2019.07.02"]
[Round "3"]
[White "Rish_97"]
[Black "BillieKimbah"]
[Result "1-0"]
[WhiteElo "2508"]
[BlackElo "2735"]
[TimeControl "180+2"]
[EndTime "13:40:08 PDT"]
[Termination "Rish_97 won by resignation"]

1. e4 c5 2. Nf3 d6 3. d4 cxd4 4. Nxd4 Nf6 5. Nc3 a6 6. h3 e6 7. g4 Nfd7 8. g5 Be7 9. h4 b5 10. a3 Bb7 11. h5 Bxg5 12. Rg1 Bxc1 13. Qxc1 Qf6 14. Qe3 Qh6 15. Qg3 Nc6 16. Nxc6 Bxc6 17. Qxd6 Rc8 18. a4 Qxh5 19. axb5 axb5 20. Ra6 Ne5 21.
Be2 Qh2 22. Rg3 Qh1+ 23. Bf1 b4 24. Qxe5 bxc3 25. Rxc3 Bd7 26. Rxc8+ Bxc8 27. Qb5+ Ke7 28. Qc5+ Kf6 29. Qd4+ Kg6 30. Ra3 f6 31. Rg3+ Kf7 32. Qa7+ Ke8 33. Qxg7 Qxe4+ 34. Re3 Qb4+ 35. c3 Qf8 36.
Bb5+ Kd8 37. Rd3+ 1-0

[Event "*** Titled Tuesday Blitz"]
[Site "Chess.com"]
[Date "2019.07.02"]
[Round "3"]
[White "Bryakin_Mikhail"]
[Black "IwkooO"]
[Result "1-0"]
[WhiteElo "2675"]
[BlackElo "2522"]
[TimeControl "180+2"]
[EndTime "13:40:08 PDT"]
[Termination "Bryakin_Mikhail won by resignation"]

1. d4 Nf6 2. c4 e6 3. g3 Bb4+ 4. Bd2 Qe7 5. Bg2 O-O 6. Nf3 Bxd2+ 7. Qxd2 Ne4 8. Qc2 Qb4+ 9. Nbd2 Nxd2 10. Nxd2 Nc6 11.
e3 d6 12. O-O e5 13. a3 Qb6 14. c5 dxc5 15. dxc5 Qb5 16. Rfd1 a5 17. Qc3 f6 18. Bd5+ Kh8 19. a4 Qb4 20. Bxc6 Qxc3 21. bxc3 bxc6 22. Rab1 Be6 23. Kf1 Rfb8 24. Ke2 Kg8 25. Kd3 Kf7 26. Kc2 Ke7 27. e4 g6 28. h4 h6 29. Rh1 Bf7 30.
Rxb8 Rxb8 31. Rb1 Rxb1 32. Kxb1 g5 33. c4 Kd7 34. Kc2 Kc8 35. Nb3 Bxc4 36. Nxa5 Bf1 37. Nxc6 Kd7 38. Nb4 c6 39. Kd2 Bg2 40. Ke3 Bf1 41.
Na2 Kc7 42. Nb4 Kb7 43. f3 Bc4 44. Kd2 Bb3 45. a5 Bc4 46. Ke3 Bb5 47. Kf2 Bc4 48. Kg2 Be2 49. Kf2 Bc4 50. Ke3 Bb5 51. f4 exf4+ 52.
gxf4 gxh4 53. e5 fxe5 54. fxe5 Bc4 55. Kf4 Be6 56. a6+ Kc7 57. a7 Kb7 58. Nxc6 h3 59. Kg3 Bd5 60. Ne7 Bg2 61. c6+ Kxa7 62. c7 Bb7 63. c8=Q Bxc8 64. Nxc8+ Kb7 65. Nd6+ Kc6 66. Nc4 Kd5 67. Kxh3 1-0

[Event "*** Titled Tuesday Blitz"]
[Site "Chess.com"]
[Date "2019.07.02"]
[Round "3"]
[White "ethylalcohol"]
[Black "DonPreuss"]
[Result "1-0"]
[WhiteElo "2103"]
[BlackElo "2175"]
[TimeControl "180+2"]
[EndTime "13:40:12 PDT"]
[Termination "ethylalcohol won by resignation"]

1. d4 Nc6 2. Nf3 d6 3. Bf4 g6 4. e4 Bg7 5. Nc3 e6 6. Qd2 Nge7 7. Bh6 O-O 8. h4 f5 9. O-O-O fxe4 10. Nxe4 d5 11.
Bxg7 Kxg7 12. Ng3 Nf5 13. h5 Nxg3 14. fxg3 h6 15. hxg6 Rh8 16. Bd3 e5 17. dxe5 Bg4 18. Rh4 Bxf3 19. gxf3 Qg5 20. f4 Qxg3 21. Rdh1 Raf8 22.
f5 Nxe5 23. Rxh6 Nxd3+ 24. cxd3 Kf6 25. Rxh8 Rxh8 26. Qc3+ Kxf5 27. Rxh8 Qg1+ 28. Kc2 Qf2+ 29. Qd2 Qc5+ 30. Kb1 Qg1+ 31. Qc1 Qxg6 32. Qf1+ Ke6 33. Rh2 Kd6 34. Rc2 c6 35. a3 Kc7 36. Qf4+ Kb6 37. Qb4+ Kc7 38. Qc3 Qg1+ 39. Ka2 a6 40. Re2 Qf1 41. Re7+ Kb6 42. Qb4+ 1-0

[Event "*** Titled Tuesday Blitz"]
[Site "Chess.com"]
[Date "2019.07.02"]
[Round "3"]
[White "Olga_Zhuravleva"]
[Black "KRASAVCHIK2002"]
[Result "1-0"]
[WhiteElo "2134"]
[BlackElo "2225"]
[TimeControl "180+2"]
[EndTime "13:40:12 PDT"]
[Termination "Olga_Zhuravleva won by resignation"]

1. e4 c5 2. Nf3 d6 3. d4 cxd4 4. Nxd4 Nf6 5. Nc3 a6 6. Bd3 e5 7. Nb3 Be7 8. O-O O-O 9. Kh1 Be6 10.
f4 exf4 11. Bxf4 Nc6 12. Nd5 Bxd5 13. exd5 Ne5 14. c4 Nfd7 15. Nd4 g6 16. b3 Bg5 17. Bg3 Bf6 18. Rc1 Bg7 19. Bb1 Rc8 20. Qd2 Nc5 21. h3 Qd7 22. Ne2 Rce8 23. Bf4 Qc7 24. Ng3 Ned7 25.
b4 Na4 26. c5 Be5 27. Bc2 b5 28. cxb6 Qxb6 29. Bxa4 Re7 30. Bxd7 Rxd7 31. Bh6 Re8 32. Ne4 f5 33. Ng5 Rb7 34. Ne6 Qxb4 35. Qg5 Qa5 36. Rxf5 Qxd5 37. Rf8+ Rxf8 38. Nxf8 Rf7 39. Nxg6 hxg6 40.
Qxg6+ Bg7 41. Rc8+ 1-0

[Event "*** Titled Tuesday Blitz"]
[Site "Chess.com"]
[Date "2019.07.02"]
[Round "3"]
[White "XiaoKangZhong"]
[Black "Komissarov_alex"]
[Result "1-0"]
[WhiteElo "2246"]
[BlackElo "2128"]
[TimeControl "180+2"]
[EndTime "13:40:13 PDT"]
[Termination "XiaoKangZhong won on time"]

1. e4 e5 2. Nf3 Nc6 3. Bc4 Nf6 4. d3 d5 5. exd5 Nxd5 6. O-O Bc5 7. c3 O-O 8. b4 Bb6 9. b5 Na5 10. Nxe5 Nxc4 11.
Nxc4 Qf6 12. Nxb6 axb6 13. Bb2 Bf5 14. Qd2 Qg6 15. d4 Bh3 16. f4 Ne3 17. Rf3 Nxg2 18. Rg3 Nh4 19. Rxg6 Nf3+ 20. Kh1 Nxd2 21. Rg3 Nxb1 22.
Rxh3 Nd2 23. Rd3 Nc4 24. Bc1 Rfe8 25. Kg2 Re2+ 26. Kg3 Rexa2 27. Rxa2 Rxa2 28. d5 Rc2 29. Be3 Nd6 30. Bd4 Nxb5 31. Re3 Kf8 32. Be5 f6 33. Bxc7 Nxc7 34. d6 Nd5 35. d7 Nxe3 36. d8=Q+ Kf7 37. Qd7+ Kg6 38. Qd3+ Nf5+ 39. Kg4 Rb2 40. Qxf5+ 1-0

[Event "*** Titled Tuesday Blitz"]
[Site "Chess.com"]
[Date "2019.07.02"]
[Round "3"]
[White "HanSchut"]
[Black "Andrii_Prydun"]
[Result "1-0"]
[WhiteElo "2223"]
[BlackElo "2291"]
[TimeControl "180+2"]
[EndTime "13:40:14 PDT"]
[Termination "HanSchut won by resignation"]

1. e4 c6 2. d4 d5 3. exd5 cxd5 4. c4 Nf6 5. Nc3 e6 6. Nf3 dxc4 7. Bxc4 Be7 8. Bg5 O-O 9. Qe2 Nc6 10. Rd1 Nd5 11. Bc1 Bb4 12. Bd2 Qa5 13. O-O Nxc3 14. bxc3 Bxc3 15.
Bxc3 Qxc3 16. Bd3 Nb4 17. Bxh7+ Kxh7 18. Ng5+ Kg6 19. Qg4 f5 20. Qh4 Nd5 21. f4 Nf6 22.
Nf3 Kf7 23. Ne5+ Ke8 24. Qg5 Qc7 25. Qg6+ Kd8 26. Rc1 Qe7 27. Rc5 Bd7 28. Rfc1 Rc8 29. Qg3 b6 30. Rxc8+ Bxc8 31. Nc6+ Ke8 32. Nxe7 Kxe7 33.
Qxg7+ Rf7 34. Qxf7+ Kxf7 35. Rxc8 Nd5 36. g3 Ke7 37.
Ra8 a5 38. Rb8 Kd7 39. h4 Kc7 40. Rf8 Ne3 41. h5 Ng4 42. Rg8 1-0

[Event "*** Titled Tuesday Blitz"]
[Site "Chess.com"]
[Date "2019.07.02"]
[Round "3"]
[White "Muisback26"]
[Black "Korchmar_Vasiliy"]
[Result "1-0"]
[WhiteElo "2958"]
[BlackElo "2756"]
[TimeControl "180+2"]
[EndTime "13:40:16 PDT"]
[Termination "Muisback26 won by resignation"]

1. e4 c5 2. Nf3 d6 3. Nc3 Nc6 4.
g3 g6 5. Bg2 Bg7 6. O-O e5 7.
d3 Nge7 8. a3 O-O 9. Rb1 h6 10.
b4 b6 11. bxc5 dxc5 12. Nd5 Nxd5 13. exd5 Ne7 14. Nxe5 Bb7 15. Nc6 Bxc6 16. dxc6 Rc8 17.
Bh3 Rxc6 18. Re1 Nd5 19. Qf3 Rf6 20. Qg2 Nc3 21. Rb3 Re8 22. Qf1 Rd6 23. Bf4 Rd5 24. Bd2 Rxe1 25. Bxe1 Na4 26. Bg2 Rd6 27. c4 Nb2 28. Be4 Kh7 29. Qe2 Na4 30. Qf3 Rf6 31. Qe2 Qd4 32. Kg2 Re6 33. Qf1 f5 34. Bd5 Re7 35.
Bd2 g5 36. Qd1 Nb2 37. Qf3 Kg6 38. Bc3 Qxd3 39. Bxb2 Qxf3+ 40. Bxf3 1-0

[Event "*** Titled Tuesday Blitz"]
[Site "Chess.com"]
[Date "2019.07.02"]
[Round "3"]
[White "chesstatour"]
[Black "IngOscarArdila"]
[Result "0-1"]
[WhiteElo "1995"]
[BlackElo "2051"]
[TimeControl "180+2"]
[EndTime "13:40:16 PDT"]
[Termination "IngOscarArdila won on time"]

1. d4 Nf6 2. c4 g6 3. Nc3 Bg7 4. e4 d6 5. f4 O-O 6. Nf3 c5 7.
d5 e6 8. dxe6 Bxe6 9. Bd3 Nc6 10.
f5 Bd7 11. Bg5 Ne5 12. Nd5 Re8 13. O-O gxf5 14. exf5 Bc6 15. Qd2 Bxd5 16. cxd5 Qd7 17. Bxf6 Bxf6 18. Rae1 Kh8 19. Nxe5 Rxe5 20. Rxe5 dxe5 21.
Be4 b5 22. Qh6 Qd6 23. Rc1 c4 24. Kh1 Rg8 25. Qh5 Rg7 26. b3 Qc5 27. bxc4 bxc4 28.
Qe2 c3 29. Qd3 h5 30. Qxc3 Qf2 31. Qc2 Qf4 32. h3 Rg3 33. Re1 Qh4 0-1

[Event "*** Titled Tuesday Blitz"]
[Site "Chess.com"]
[Date "2019.07.02"]
[Round "3"]
[White "valeriocarnicelli"]
[Black "Adham_Fawzy"]
[Result "0-1"]
[WhiteElo "2491"]
[BlackElo "2726"]
[TimeControl "180+2"]
[EndTime "13:40:19 PDT"]
[Termination "Adham_Fawzy won by resignation"]

1. e4 c5 2. Nf3 Nc6 3. d4 cxd4 4. Nxd4 e5 5. Nb5 d6 6. N1c3 a6 7. Na3 b5 8. Nd5 Nge7 9. c4 Nd4 10. Bd3 Nxd5 11.
exd5 g6 12. Be3 Nf5 13. O-O Nxe3 14. fxe3 Bh6 15. e4 b4 16. Nc2 O-O 17. Kh1 a5 18. Be2 f5 19. Bf3 Qb6 20. Qd3 Ra7 21. Rad1 Raf7 22. b3 Bg5 23. Rde1 Kg7 24. Rd1 Qc5 25. Rde1 h5 26. Rd1 h4 27. h3 Bf4 28. Qe2 Bg3 29. Ne1 fxe4 30. Qxe4 Rf4 31. Qe2 e4 32. Qb2+ Kh7 33.
Rd2 exf3 34. Nxf3 Kh6 35. Re2 Qa7 36. c5 Qxc5 37. Re7 Qc3 38. Qe2 Bxh3 39. Ra7 Bg4 40. Qe7 Bxf3 41. Qh7+ Kg5 42. gxf3 Rxf3 43. Qe7+ R8f6 0-1

[Event "*** Titled Tuesday Blitz"]
[Site "Chess.com"]
[Date "2019.07.02"]
[Round "3"]
[White "ElGasanov"]
[Black "wonderfultime"]
[Result "1/2-1/2"]
[WhiteElo "2722"]
[BlackElo "2911"]
[TimeControl "180+2"]
[EndTime "13:40:20 PDT"]
[Termination "Game drawn by repetition"]

1. d4 d5 2. c4 c6 3. Nc3 Nf6 4. e3 a6 5. Qc2 g6 6. Bd3 Bg7 7. Nf3 O-O 8. O-O Bg4 9. Ne5 Be6 10. b3 Nbd7 11. Nxd7 Qxd7 12. Ba3 b5 13. Ne2 Rac8 14.
Rfc1 Rfd8 15. Bc5 Bf5 16. Bxf5 gxf5 17. Ng3 Ne4 18. Nxe4 fxe4 19. a4 bxc4 20. bxc4 e5 21. Rd1 Qe6 22. Rac1 Kh8 23. Bb6 Rg8 24. g3 h5 25. Qe2 Qf5 26. dxe5 Bxe5 27. cxd5 cxd5 28. Rxc8 Rxc8 29. Rxd5 Rc1+ 30. Kg2 h4 31. h3 f6 32. Bd4 hxg3 33. Bxe5 fxe5 34. fxg3 Rc3 35. Qf2 Qe6 36. Qd2 Ra3 37. Rd8+ Kh7 38. Rd7+ Kh8 39.
Rd8+ Kh7 40. Rd7+ Kh8 41. Rd8+ 1/2-1/2

[Event "*** Titled Tuesday Blitz"]
[Site "Chess.com"]
[Date "2019.07.02"]
[Round "3"]
[White "eldur16"]
[Black "mbojan"]
[Result "0-1"]
[WhiteElo "2569"]
[BlackElo "2599"]
[TimeControl "180+2"]
[EndTime "13:40:20 PDT"]
[Termination "mbojan won by resignation"]

1. d4 g6 2. e4 Bg7 3. Nc3 d6 4. f4 a6 5. Nf3 b5 6. Bd3 Nd7 7. a4 b4 8. Ne2 c5 9. c3 bxc3 10. bxc3 Ngf6 11. O-O O-O 12. Kh1 Bb7 13. Ng3 e6 14.
Qe2 a5 15. Rb1 Bc6 16. Bb5 Qc7 17. e5 Nd5 18. Ne4 dxe5 19. dxe5 Bxb5 20. Rxb5 c4 21. Ba3 Rfc8 22. Nd4 N7b6 23. Bd6 Qd8 24. Qf3 Ra7 25. Rfb1 Nxa4 26. Rb7 Rxb7 27. Rxb7 Nab6 28. Ng5 Qe8 29. Qh3 h5 30. Nxf7 Nxf4 31. Qg3 Nbd5 32. Qg5 Qa4 33. h3 Qd1+ 34. Kh2 Ne3 35. Qxf4 Nf1+ 36. Kg1 Nd2+ 37.
Kf2 Qf1+ 38. Kg3 Qe1+ 39. Kh2 Nf1+ 40. Kg1 Ne3+ 41. Kh2 Nf1+ 42. Qxf1 Qxf1 43. Nxe6 Qxf7 44. Rxf7 Kxf7 45. Nd4 a4 46. e6+ Ke8 47. Nb5 Rc6 48. Bb4 Rxe6 49. Nc7+ Kd7 50. Nxe6 Kxe6 51. Kg3 Bf6 52.
Kf3 Be7 0-1

[Event "*** Titled Tuesday Blitz"]
[Site "Chess.com"]
[Date "2019.07.02"]
[Round "3"]
[White "Yoshkinkot"]
[Black "SergeiAza"]
[Result "0-1"]
[WhiteElo "2544"]
[BlackElo "2832"]
[TimeControl "180+2"]
[EndTime "13:40:21 PDT"]
[Termination "SergeiAza won by resignation"]

1. e4 e5 2. Nf3 Nc6 3. Bb5 a6 4.
Ba4 Nf6 5. O-O Be7 6. d3 b5 7. Bb3 O-O 8. Nc3 d6 9. a3 Bg4 10. Be3 Nd4 11. Bxd4 exd4 12. Nd5 Nd7 13. h3 Bxf3 14.
Qxf3 c6 15. Nf4 Nc5 16. Ba2 Rb8 17. Rfe1 b4 18. axb4 Rxb4 19. Rab1 Qb6 20. b3 Bf6 21. Nh5 Be5 22. Qg4 g6 23. f4 Bh8 24. f5 Qd8 25.
Rf1 Nd7 26. fxg6 hxg6 27. Nf4 Ne5 28. Qe2 Bg7 29. Qd2 a5 30. Ne2 Qh4 31. Qe1 Qg5 32.
Qc1 Bh6 33. Qxg5 Bxg5 34. Kf2 Be3+ 35. Kg3 Kg7 36. Nf4 Bxf4+ 37. Kxf4 c5 38. Kg3 Rfb8 39. Kf2 Ra8 40. Ke2 Rh8 41. Rf4 Rh5 42. Kd2 Rb8 43. Rbf1 Rg5 44. R1f2 Rg3 45. b4 cxb4 46.
Bxf7 Rf8 47. Bb3 Rxf4 48. Rxf4 Rxg2+ 49. Kc1 Rg3 50. h4 Rxd3 0-1

[Event "*** Titled Tuesday Blitz"]
[Site "Chess.com"]
[Date "2019.07.02"]
[Round "3"]
[White "Eliwood44"]
[Black "DACF2905"]
[Result "0-1"]
[WhiteElo "2332"]
[BlackElo "2228"]
[TimeControl "180+2"]
[EndTime "13:40:21 PDT"]
[Termination "DACF2905 won by resignation"]

1. d4 Nf6 2. c4 e6 3. Nc3 c5 4. e3 cxd4 5. exd4 d5 6. Nf3 Be7 7.
cxd5 exd5 8. Bd3 O-O 9. h3 h6 10. O-O Nc6 11. Be3 Be6 12. Rc1 Rc8 13. Qe2 Re8 14.
Rfd1 Bf8 15. Ne5 Ne7 16. Bb5 Nd7 17. Bf4 a6 18. Ba4 b5 19. Bb3 Nb6 20. Qf3 Nc4 21. Bxc4 dxc4 22. d5 Bf5 23. d6 Ng6 24. d7 Nxe5 25.
Bxe5 Bxd7 26. Qg3 Qe7 27. Bd6 Qe6 28. Bxf8 Rxf8 29. Rd6 Qe7 30. Rxa6 Qg5 31. Qxg5 hxg5 32. Ne4 f6 33. Ra7 Bc6 34. Nd6 Rcd8 35. Nf5 Bd7 36. Ne7+ Kh7 37. Rd1 Be6 38. Re1 Rd6 39. h4 gxh4 40. Re4 g5 41. Nf5+ Rd7 42. Rxd7+ Bxd7 43. Re7+ Kg6 44. Nxh4+ gxh4 45. Rxd7 Re8 46. Rd5 Re1+ 47. Kh2 Re5 48. Rd4 Kg5 49. Kh3 Re2 50. Rd5+ Re5 51. Rd2 b4 52. f4+ Kxf4 53. Kxh4 Ke3 54.
Rd6 Rf5 55. g4 Rf1 56. g5 fxg5+ 57. Kxg5 c3 58. bxc3 bxc3 59. Re6+ Kd2 60. Rd6+ Kc2 61. a4 Kb3 62. a5 c2 63. Rc6 c1=Q+ 0-1

[Event "*** Titled Tuesday Blitz"]
[Site "Chess.com"]
[Date "2019.07.02"]
[Round "3"]
[White "JustaTrickstar"]
[Black "TaykaGM"]
[Result "1-0"]
[WhiteElo "2853"]
[BlackElo "2565"]
[TimeControl "180+2"]
[EndTime "13:40:23 PDT"]
[Termination "JustaTrickstar won on time"]

1. c4 e6 2. Nc3 d5 3. d4 a6 4. cxd5 exd5 5. Bf4 c6 6. e3 Bd6 7. Bd3 Nf6 8. Nge2 O-O 9. O-O Bg4 10. f3 Bh5 11. Qd2 Bg6 12. e4 Bxf4 13. Qxf4 Nbd7 14. Rad1 Qb6 15. Kh1 Qxb2 16. Rb1 Qa3 17. Rb3 Qa5 18. Rxb7 c5 19. Qd2 cxd4 20. Nxd4 Rac8 21. Rc1 dxe4 22.
fxe4 Bxe4 23. Nb3 Bxg2+ 24. Qxg2 Qe5 25. Rg1 g6 26. Ne4 Rfd8 27. Ng5 Rc3 28. Bxa6 Rdc8 29. Rxd7 Rc2 30. Rd8+ Kg7 31. Rd2 Rxd2 32. Nxd2 Rc2 33. Ngf3 Qa5 34. Bc4 Ne4 35. Bb3 Rb2 36. Nc4 Rxg2 37.
Nxa5 Rb2 38. Rf1 g5 39. Nc4 Re2 40. Nd4 Re3 41. Nxe3 1-0

[Event "*** Titled Tuesday Blitz"]
[Site "Chess.com"]
[Date "2019.07.02"]
[Round "3"]
[White "alturas_pacificas"]
[Black "Squirlolz"]
[Result "0-1"]
[WhiteElo "2392"]
[BlackElo "2428"]
[TimeControl "180+2"]
[EndTime "13:40:23 PDT"]
[Termination "Squirlolz won by resignation"]

1. d4 Nf6 2. Bf4 d5 3. e3 e6 4. Nd2 Bd6 5. Bg3 O-O 6. Ngf3 c5 7. c3 b6 8. Bd3 Ba6 9. Bxa6 Nxa6 10. Qe2 Nb8 11. Ne5 Qc7 12. f4 Nc6 13. O-O Ne4 14. Nxe4 dxe4 15. Qc2 f6 16. Nc4 f5 17. Ne5 Bxe5 18.
dxe5 Rad8 19. Qb3 Rd5 20. Bh4 Na5 21. Qa4 c4 22. Rad1 b5 23. Qa3 Rd3 24. Be7 Rc8 25.
Bd6 Qb6 26. Kh1 Nb7 27. b4 Nxd6 28. exd6 Rd8 29. Rde1 R8xd6 30. Qc1 Qd8 31. h3 Qf6 32. Rd1 Rxd1 33. Rxd1 Rd3 34. Rxd3 exd3 35. Qd2 h5 36. g3 Qd8 37. Kg1 Qd5 38. Qd1 d2 39. Kf2 Qd3 40.
g4 Qxc3 41. gxh5 Qc1 42. Ke2 Qxd1+ 43. Kxd1 c3 44. Kc2 Kh7 45. Kd1 Kh6 0-1

[Event "*** Titled Tuesday Blitz"]
[Site "Chess.com"]
[Date "2019.07.02"]
[Round "3"]
[White "playerorkinyo"]
[Black "Tarlev_Konstantin"]
[Result "1-0"]
[WhiteElo "2421"]
[BlackElo "2554"]
[TimeControl "180+2"]
[EndTime "13:40:27 PDT"]
[Termination "playerorkinyo won by checkmate"]

1. c4 Nf6 2. Nc3 e5 3. g3 d5 4.
cxd5 Nxd5 5. Bg2 Nb6 6. d3 Be7 7. Be3 O-O 8. Qd2 Re8 9. h4 Nc6 10. Bxc6 bxc6 11. h5 Nd5 12. Nf3 Bf8 13. Rc1 Nxe3 14.
Qxe3 Rb8 15. Rc2 c5 16. b3 Rb4 17. h6 g6 18. Ne4 Bb7 19. Nxc5 Ba8 20. Qd2 Rd4 21. Nxd4 Bxh1 22. Nf3 f5 23. Qe3 f4 24. Qe4 Bxh6 25. Qc4+ Kh8 26. Ne6 Qf6 27. Nxc7 Rf8 28. Nd5 Qe6 29. Qe4 Bxf3 30. exf3 fxg3 31.
fxg3 Rd8 32. Nf4 Qd7 33. Qxe5+ Bg7 34. Qc7 Re8+ 35. Kf1 Qd4 36. Re2 Rf8 37. Kg2 Qf6 38. Re6 Qf5 39. Re7 Bf6 40. Rxh7+ Kg8 41. Rh1 Be5 42. Qh7# 1-0

[Event "*** Titled Tuesday Blitz"]
[Site "Chess.com"]
[Date "2019.07.02"]
[Round "3"]
[White "Genghis_K"]
[Black "MehdiHosseinipour"]
[Result "1-0"]
[WhiteElo "2827"]
[BlackElo "2583"]
[TimeControl "180+2"]
[EndTime "13:40:30 PDT"]
[Termination "Genghis_K won by resignation"]

1. e4 c5 2. Nf3 d6 3. d4 cxd4 4. Qxd4 a6 5. Be2 Nc6 6. Qe3 g6 7. O-O Bg7 8. c4 Bg4 9. Nc3 Nf6 10. h3 Bxf3 11. Bxf3 O-O 12. Rd1 Qa5 13. Be2 Rac8 14. Bd2 Qc5 15. Rac1 Rfd8 16. b3 Nd7 17. Na4 Qxe3 18.
Bxe3 h5 19. Nb6 Nxb6 20. Bxb6 Re8 21. f4 Bh6 22. Rf1 e5 23. Rcd1 exf4 24. Rxd6 Rxe4 25. Bf3 Re7 26. Bxh5 Bg7 27. Bf3 Be5 28. Rd5 Rce8 29. Bc5 Re6 30. Rd7 b5 31. Bd5 Rf6 32. cxb5 axb5 33. Rd1 Kg7 34. a4 bxa4 35. bxa4 Nb8 36. Rb7 Rd8 37. Be7 Rc8 38. Bxf6+ Kxf6 39. Rxf7+ Kg5 40. a5 Rc5 41. Ra7 Rb5 42. a6 Rb4 43. Ra8 Nd7 44. a7 Bd4+ 45. Rxd4 Rxd4 46. Rd8 Nb6 47.
Rd6 Kh4 48. Rxb6 Kg3 49. Rxg6+ 1-0

[Event "*** Titled Tuesday Blitz"]
[Site "Chess.com"]
[Date "2019.07.02"]
[Round "3"]
[White "vlad_Sid"]
[Black "dmosesov"]
[Result "0-1"]
[WhiteElo "2531"]
[BlackElo "2518"]
[TimeControl "180+2"]
[EndTime "13:40:32 PDT"]
[Termination "dmosesov won by checkmate"]

1. c4 e6 2. g3 d5 3. Bg2 Nf6 4. Nf3 dxc4 5. Qa4+ Nbd7 6. Qxc4 a6 7. O-O b5 8. Qc2 Bb7 9. d3 c5 10. Nbd2 Be7 11. a4 O-O 12. b3 Nd5 13. Bb2 Bf6 14. Ne4 Bxb2 15. Qxb2 Qe7 16. Rfc1 f5 17. Nc3 b4 18.
Nxd5 Bxd5 19. e3 Rad8 20. d4 cxd4 21. Nxd4 Bxg2 22. Kxg2 Ne5 23. Qe2 Qb7+ 24. f3 Rfe8 25. Rc5 Nd7 26. Rc6 Ne5 27. Rc5 Nd7 28. Rc6 Ne5 29.
Qxa6 Qf7 30. Rc2 g5 31. Qb5 Ng6 32. Qxb4 e5 33. Nc6 Rc8 34. Rac1 g4 35. fxg4 fxg4 36. Qxg4 Kh8 37. Qe4 Qxb3 38. a5 Qb5 39. Qc4 Qb7 40. a6 Qd7 41. a7 Ra8 42. Rf2 Qb7 43. Qe4 Rf8 44. Rxf8+ Rxf8 45. Rb1 Qf7 46. Kh1 Qa2 47. Rb8 Qa1+ 48. Kg2 Qf1# 0-1

[Event "*** Titled Tuesday Blitz"]
[Site "Chess.com"]
[Date "2019.07.02"]
[Round "3"]
[White "Keithonsky"]
[Black "kosya4ok"]
[Result "0-1"]
[WhiteElo "2453"]
[BlackElo "2765"]
[TimeControl "180+2"]
[EndTime "13:40:34 PDT"]
[Termination "kosya4ok won by resignation"]

1. d4 Nf6 2. c4 e6 3. Nf3 b6 4. g3 Ba6 5. Qa4 Bb7 6. Bg2 g6 7. O-O Bg7 8. Nc3 Ne4 9. Qc2 Nxc3 10. Qxc3 O-O 11. Qc2 d6 12. Rd1 Nd7 13. Bg5 Nf6 14. c5 h6 15. Bxf6 Bxf6 16. Rac1 Bg7 17. e4 Qe7 18.
cxd6 cxd6 19. Qe2 h5 20. Rc2 Bh6 21. e5 Rac8 22. exd6 Qxd6 23. Ne5 Bxg2 24. Kxg2 Qd5+ 25. Kg1 Qxa2 26. Nc6 Bg5 27. h4 Bf6 28. Qf3 Kg7 29.
d5 exd5 30. Kh2 Qa4 31. b3 Qe4 32. Qxe4 dxe4 33. Rc4 Rc7 34. Rdc1 Re8 35. b4 e3 36. fxe3 Rxe3 37. R1c2 Rd7 38. b5 Rdd3 39. Rg2 Rb3 40.
Rf4 Rxb5 41. Rgf2 Re6 42. Nxa7 Rc5 43. Ra4 Be5 44. Ra3 Bb8 45. Rfa2 Re7 46. Ra6 Rb7 47. R6a3 b5 48. Ra6 b4 49. Nc6 b3 50. Ra1 b2 51.
Kh3 bxa1=Q 0-1

[Event "*** Titled Tuesday Blitz"]
[Site "Chess.com"]
[Date "2019.07.02"]
[Round "3"]
[White "Natalya_Buksa"]
[Black "Artur0208"]
[Result "0-1"]
[WhiteElo "2451"]
[BlackElo "2754"]
[TimeControl "180+2"]
[EndTime "13:40:35 PDT"]
[Termination "Artur0208 won on time"]

1. e4 e5 2. Nf3 Nc6 3. Bb5 a6 4. Ba4 Nf6 5. O-O Nxe4 6. d4 b5 7.
Bb3 d5 8. dxe5 Be6 9. Qe2 Nc5 10. c3 Nxb3 11. axb3 d4 12. Rd1 Bxb3 13. Re1 d3 14.
Qe4 Qd5 15. e6 fxe6 16. Qg4 Bd6 17. Nbd2 O-O 18. Nxb3 Qxb3 19. Bh6 Rf7 20. Rxe6 Raf8 21. Rae1 Qxb2 22. Bg5 Qxc3 23. Rc1 Qb4 24. Re4 Qb3 25. Rxc6 h5 26. Qe6 Qxe6 27. Rxe6 Rf5 28. Bd2 a5 29. Bxa5 Ra8 30. Bxc7 Bxc7 31. Rxc7 Ra1+ 32. Re1 Rxe1+ 33. Nxe1 d2 34. Rc8+ Kh7 35. Re8 d1=Q 36. g3 Rc5 0-1